Login

Arizona Coyotes vs Los Angeles Kings

Created - 31 March 2024 at 23:29

Goals
1 2 3 T
Arizona Coyotes 0 1 1 2
Los Angeles Kings 1 2 1 4
Shots
1 2 3 T
Arizona Coyotes 12 10 13 35
Los Angeles Kings 10 20 7 37

GoalsPenalties
1st period
1. Los Angeles Kings , Kevin Fiala 7 (Drew Doughty 8) at 9:22
Drew Doughty (LAK) for Kneeing (Minor) at 5:01
Nick Bjugstad (ARZ) for Interference (Minor) at 13:32
2nd period
2. Los Angeles Kings , Trevor Moore 3 (Kurtis MacDermid 4) at 5:46
3. Arizona Coyotes , Jason Zucker 5 (Travis Boyd 3, Nick Bjugstad 3) at 5:56
4. Los Angeles Kings , Adrian Kempe 6 (Kevin Fiala 8, Drew Doughty 9) at 10:36 (PP)
Quinton Byfield (LAK) for Tripping (Minor) at 2:10
Troy Stecher (ARZ) for Hooking (Minor) at 8:54
Adrian Kempe (LAK) for Tripping (Minor) at 12:15
3rd period
5. Arizona Coyotes , Clayton Keller 1 (Barrett Hayton 7) at 13:49
6. Los Angeles Kings , Trevor Moore 4 (Quinton Byfield 2, Viktor Arvidsson 5) at 14:45
Clayton Keller (ARZ) for Holding (Minor) at 0:17
Matt Roy (LAK) for Roughing (Minor) at 8:34
Pierre-Luc Dubois (LAK) for Hooking (Minor) at 15:38
Goalie Stats
Connor Ingram (ARZ), 33 saves from 37 shots - (0.892), L, 0-1-0, 60:00 minutes
Cam Talbot (LAK), 33 saves from 35 shots - (0.943), W, 6-2-0, 60:00 minutes
3 StarsOfficial
1 - Trevor Moore (LAK)
2 - Kevin Fiala (LAK)
3 - Cam Talbot (LAK)
Referees : Brad Meier and Eric Furlatt
Linesman : Jeff Walker and Shandor Alphonso
Game Note
No Game Note
Finance
Level 1 -- Attendance: 5387 (89.78%) -- Ticket Income $538,700
Level 2 -- Attendance: 4535 (90.70%) -- Ticket Income $272,100
Level 3 -- Attendance: 1710 (85.50%) -- Ticket Income $59,850
Level 4 -- Attendance: 4000 (100.00%) -- Ticket Income $100,000
Luxury Box -- Attendance: 1000 (100.00%) -- Ticket Income $200,000
Game was played at the Crypto.com Arena.
Total Attendance: 16632 (92.40%)
Total Ticket Income: $1,170,650
Other Income: $573,618
Total Income: $1,744,268



Team Name Goals Shots Shots Attemp Shots Blocked PIM HIT PP PK FO%
Arizona Coyotes 2357696250 / 5 (0%)153%
Los Angeles Kings 437682310151 / 3 (33%)047%

Arizona Coyotes
Player Name POS G A P +/- PIM HIT SHT SB MP PP MP PP SHT PK MP PK SHT FO% FOT GA TA
Barrett HaytonC0110033123:303:5801:42162% 2100
Clayton KellerRW1010203017:460:0000:00050% 211
Dylan GuentherRW000-2000010:430:0000:0000% 000
J.J. MoserD000-1020222:324:2703:2700% 001
Jack McBainC000-2031113:250:2100:56080% 500
Jason ZuckerLW1011017015:535:2210:0000% 110
Josh BrownD000-1021124:415:2802:1310% 000
Juuso ValimakiD000-1023219:565:2813:2700% 000
Lawson CrouseLW000-2001015:514:3300:3100% 000
Liam O'BrienLW000001004:250:0000:0000% 000
Matias MaccelliLW0000015022:194:1420:0000% 801
Matt DumbaD000-1022011:280:0002:1300% 000
Nick BjugstadC0111224016:241:2210:00069% 1602
Nick SchmaltzC000001207:534:3303:1720% 000
Patric HornqvistRW0000000013:085:2203:12025% 400
Sean DurziD0001031022:424:2700:0000% 000
Travis BoydRW0111002013:010:0001:4210% 000
Troy StecherD0001220218:400:0000:0000% 002
Los Angeles Kings
Player Name POS G A P +/- PIM HIT SHT SB MP PP MP PP SHT PK MP PK SHT FO% FOT GA TA
Adrian KempeRW1010253116:233:5410:00033% 310
Andreas EnglundD0001000212:510:0000:1600% 000
Anze KopitarC0000023122:203:5405:46059% 3200
Arthur KaliyevLW000000008:240:0000:0000% 100
Blake LizotteC000001108:240:0000:0000% 100
Drew DoughtyD0221204524:264:0514:0110% 010
Kevin FialaLW1120016023:003:5425:4300% 300
Kurtis MacDermidD0111002314:130:0001:2300% 010
Matt RoyD0001201225:454:0504:0000% 000
Mikey AndersonD000-1021323:121:3505:5500% 020
Phillip DanaultLW000-1021017:211:4603:4810% 000
Pierre-Luc DuboisC000-1206015:181:4602:22156% 900
Quinton ByfieldRW0112211011:440:0000:0000% 000
Trevor LewisC0002000010:510:0000:00040% 501
Trevor MooreLW2022002111:000:0000:0000% 021
Viktor ArvidssonRW011-1004115:161:4602:1100% 300
Vladislav GavrikovD000-1011420:441:3504:1500% 000
Wade AllisonRW000000108:480:0000:0000% 000

Arizona Coyotes

5 vs 5 Forward
Line #Left WingCenterRight WingPHYDFOFWanted %Time %Time Play
1Matias MaccelliBarrett HaytonClayton Keller1224041%18:01
2Jason ZuckerNick BjugstadTravis Boyd1223025%11:16
3Lawson CrouseJack McBainDylan Guenther1222024%10:43
4Liam O'BrienNick BjugstadPatric Hornqvist1221010%4:25
5 vs 5 Defense
Line #DefenseDefensePHYDFOFWanted %Time %Time Play
1Troy StecherSean Durzi1224044%19:40
2J.J. MoserJosh Brown1223032%14:05
3Matt DumbaJuuso Valimaki1222020%8:42
4Juuso ValimakiJosh Brown122104%1:58
Power Play Forward
Line #Left WingCenterRight WingPHYDFOFWanted %Time %Time Play
1Jason ZuckerMatias MaccelliPatric Hornqvist1226054%5:22
2Nick SchmaltzBarrett HaytonLawson Crouse1224046%4:33
Power Play Defense
Line #DefenseDefensePHYDFOFWanted %Time %Time Play
1Josh BrownJuuso Valimaki1226055%5:28
2J.J. MoserSean Durzi1224045%4:27
Penalty Kill 4 Players Forward
Line #CenterWingPHYDFOFWanted %Time %Time Play
1Patric HornqvistNick Schmaltz1226070%3:58
2Barrett HaytonTravis Boyd1224030%1:42
Penalty Kill 4 Players Defense
Line #DefenseDefensePHYDFOFWanted %Time %Time Play
1Juuso ValimakiJ.J. Moser1226061%3:27
2Josh BrownMatt Dumba1224039%2:13
Penalty Kill 3 Players
Line #WingPHYDFOFWanted %Time %Time PlayDefenseDefensePHYDFOFWanted %Time %Time Play
1Nick Bjugstad122600%0:00 Sean DurziJ.J. Moser122600%0:00
2Patric Hornqvist122400%0:00 Josh BrownMatt Dumba122400%0:00
4 vs 4 Forward
Line #CenterWingPHYDFOFWanted %Time %Time Play
1Jack McBainLawson Crouse122600%0:00
2Nick BjugstadPatric Hornqvist122400%0:00
4 vs 4 Defense
Line #DefensePHYDFOFWanted %Time %Time Play
1Matt DumbaJosh Brown122600%0:00
2J.J. MoserJuuso Valimaki122400%0:00
Last Minutes Offensive
Left WingCenterRight WingDefenseDefense
Matias MaccelliNick SchmaltzPatric HornqvistTroy StecherJ.J. Moser
Last Minutes Defensive
Left WingCenterRight WingDefenseDefense
Jason ZuckerNick BjugstadPatric HornqvistTroy StecherJ.J. Moser
Time
Total ForwardTotal DefenseLast Minutes OffensiveLast Minutes Defensive
60:00 60:00 0:000:00
Extra Forwards
Normal PowerPlayPenalty Kill
Matias Maccelli, Barrett Hayton, Jack McBainMatias Maccelli, Barrett HaytonJack McBain
Extra Defensemen
Normal PowerPlayPenalty Kill
Matt Dumba, Sean Durzi, J.J. MoserMatt Dumba, Sean DurziJ.J. Moser
Penalty Shots
Patric Hornqvist, Nick Schmaltz, Lawson Crouse, Jason Zucker, Nick Bjugstad
Goalie
Connor Ingram, Karel Vejmelka
Custom OT Lines Forwards
Patric Hornqvist, Nick Schmaltz, Lawson Crouse, Jason Zucker, Nick Bjugstad, Matias Maccelli, Barrett Hayton, Jack McBain, Clayton Keller, Travis Boyd
Custom OT Lines Defensemen
Troy Stecher, Josh Brown, J.J. Moser, Juuso Valimaki, Matt Dumba
Scratches
Victor Soderstrom (Healthy), Jakub Voracek (Healthy), Anton Khudobin (Healthy)

Los Angeles Kings

5 vs 5 Forward
Line #Left WingCenterRight WingPHYDFOFWanted %Time %Time Play
1Kevin FialaAnze KopitarAdrian Kempe1134035%15:27
2Phillip DanaultPierre-Luc DuboisViktor Arvidsson1133022%9:43
3Trevor MooreTrevor LewisQuinton Byfield1222024%10:51
4Arthur KaliyevBlake LizotteWade Allison1311019%8:24
5 vs 5 Defense
Line #DefenseDefensePHYDFOFWanted %Time %Time Play
1Drew DoughtyMatt Roy1224243%19:08
2Vladislav GavrikovMikey Anderson1223532%14:12
3Kurtis MacDermidAndreas Englund1222325%11:05
4Drew DoughtyMatt Roy12200%0:00
Power Play Forward
Line #Left WingCenterRight WingPHYDFOFWanted %Time %Time Play
1Kevin FialaAnze KopitarAdrian Kempe1136069%3:54
2Phillip DanaultPierre-Luc DuboisViktor Arvidsson1134031%1:46
Power Play Defense
Line #DefenseDefensePHYDFOFWanted %Time %Time Play
1Drew DoughtyMatt Roy1226072%4:05
2Vladislav GavrikovMikey Anderson1224028%1:35
Penalty Kill 4 Players Forward
Line #CenterWingPHYDFOFWanted %Time %Time Play
1Anze KopitarKevin Fiala2216069%6:53
2Pierre-Luc DuboisPhillip Danault2214031%3:02
Penalty Kill 4 Players Defense
Line #DefenseDefensePHYDFOFWanted %Time %Time Play
1Drew DoughtyMatt Roy2216057%5:40
2Vladislav GavrikovMikey Anderson2214043%4:15
Penalty Kill 3 Players
Line #WingPHYDFOFWanted %Time %Time PlayDefenseDefensePHYDFOFWanted %Time %Time Play
1Anze Kopitar221600%0:00 Drew DoughtyMatt Roy221600%0:00
2Pierre-Luc Dubois221400%0:00 Vladislav GavrikovMikey Anderson221400%0:00
4 vs 4 Forward
Line #CenterWingPHYDFOFWanted %Time %Time Play
1Anze KopitarKevin Fiala122600%0:00
2Pierre-Luc DuboisPhillip Danault122400%0:00
4 vs 4 Defense
Line #DefensePHYDFOFWanted %Time %Time Play
1Drew DoughtyMatt Roy122600%0:00
2Vladislav GavrikovMikey Anderson122400%0:00
Last Minutes Offensive
Left WingCenterRight WingDefenseDefense
Kevin FialaAnze KopitarAdrian KempeDrew DoughtyMatt Roy
Last Minutes Defensive
Left WingCenterRight WingDefenseDefense
Kevin FialaAnze KopitarAdrian KempeDrew DoughtyMatt Roy
Time
Total ForwardTotal DefenseLast Minutes OffensiveLast Minutes Defensive
60:00 60:00 0:000:00
Extra Forwards
Normal PowerPlayPenalty Kill
Viktor Arvidsson, Phillip Danault, Trevor MooreViktor Arvidsson, Phillip DanaultViktor Arvidsson
Extra Defensemen
Normal PowerPlayPenalty Kill
Mikey Anderson, Kurtis MacDermid, Andreas EnglundMikey Anderson, Mikey AndersonKurtis MacDermid
Penalty Shots
Anze Kopitar, Adrian Kempe, Pierre-Luc Dubois, Kevin Fiala, Viktor Arvidsson
Goalie
Cam Talbot, Pheonix Copley
Custom OT Lines Forwards
Anze Kopitar, Adrian Kempe, Pierre-Luc Dubois, Kevin Fiala, Viktor Arvidsson, Phillip Danault, Trevor Moore, Trevor Lewis, Arthur Kaliyev, Quinton Byfield
Custom OT Lines Defensemen
Drew Doughty, Matt Roy, Vladislav Gavrikov, Mikey Anderson, Kurtis MacDermid
Scratches
Carl Grundstrom (Healthy), Steven Santini (Suspend)


Play-by-Play

1st period


0:01 of 1st period - Clayton Keller wins face-off versus Anze Kopitar in neutral zone.
0:06 of 1st period - Snap shot by Barrett Hayton.
0:06 of 1st period - Shot Misses the Net.
0:26 of 1st period - Matt Roy is hit by Jack McBain and loses puck.
0:36 of 1st period - Off-side.
0:37 of 1st period - Trevor Lewis wins face-off versus Nick Bjugstad in neutral zone.
1:12 of 1st period - Snap shot by Matias Maccelli.
1:12 of 1st period - Shot Blocked by Vladislav Gavrikov.
1:14 of 1st period - Wrist shot by Juuso Valimaki.
1:14 of 1st period - Shot Blocked by Vladislav Gavrikov.
1:46 of 1st period - Slapshot by Sean Durzi.
1:46 of 1st period - Stopped by Cam Talbot with a rebound.
3:01 of 1st period - Slapshot by Lawson Crouse.
3:01 of 1st period - Stopped by Cam Talbot with a rebound.
3:06 of 1st period - Icing by Pierre-Luc Dubois.
3:07 of 1st period - Barrett Hayton wins face-off versus Pierre-Luc Dubois in Los Angeles Kings zone.
3:08 of 1st period - Wrist shot by Clayton Keller.
3:08 of 1st period - Shot Misses the Net.
3:56 of 1st period - Snap shot by Dylan Guenther.
3:56 of 1st period - Deflect By Lawson Crouse.
3:56 of 1st period - Shot Blocked by Trevor Moore.
3:56 of 1st period - Puck is out of play.
3:57 of 1st period - Jack McBain wins face-off versus Trevor Lewis in Los Angeles Kings zone.
4:10 of 1st period - Snap shot by Lawson Crouse.
4:10 of 1st period - Shot Misses the Net.
4:12 of 1st period - Slapshot by Juuso Valimaki.
4:12 of 1st period - Shot Blocked by Drew Doughty.
4:14 of 1st period - Slapshot by Juuso Valimaki.
4:14 of 1st period - Shot Blocked by Drew Doughty.
4:16 of 1st period - Slapshot by Jack McBain.
4:16 of 1st period - Shot Misses the Net.
4:18 of 1st period - Slapshot by Jack McBain.
4:18 of 1st period - Shot Misses the Net.
4:20 of 1st period - Slapshot by Matt Dumba.
4:20 of 1st period - Deflect By Trevor Moore.
4:20 of 1st period - Stopped by Cam Talbot without a rebound.
4:21 of 1st period - Anze Kopitar wins face-off versus Barrett Hayton in Los Angeles Kings zone.
4:21 of 1st period - Anze Kopitar is hit by Juuso Valimaki.
4:27 of 1st period - Juuso Valimaki is hit by Kevin Fiala and loses puck.
4:34 of 1st period - Snap shot by Kevin Fiala.
4:34 of 1st period - Shot Blocked by Barrett Hayton.
4:56 of 1st period - Wrist shot by Jason Zucker.
4:56 of 1st period - Stopped by Cam Talbot without a rebound.
4:57 of 1st period - Nick Bjugstad wins face-off versus Kevin Fiala in Los Angeles Kings zone.
5:01 of 1st period - Minor Penalty to Drew Doughty for Kneeing.
5:02 of 1st period - Anze Kopitar wins face-off versus Matias Maccelli in Los Angeles Kings zone.
5:16 of 1st period - Wrist shot by Jason Zucker.
5:16 of 1st period - Shot Misses the Net.
5:38 of 1st period - Wrist shot by Pierre-Luc Dubois.
5:38 of 1st period - Deflect By Barrett Hayton.
5:38 of 1st period - Stopped by Connor Ingram without a rebound.
5:39 of 1st period - Anze Kopitar wins face-off versus Matias Maccelli in Arizona Coyotes zone.
5:44 of 1st period - Wrist shot by Kevin Fiala.
5:44 of 1st period - Shot Misses the Net.
6:22 of 1st period - Anze Kopitar is hit by Nick Schmaltz and loses puck.
6:48 of 1st period - Icing by Josh Brown.
6:49 of 1st period - Barrett Hayton wins face-off versus Viktor Arvidsson in Arizona Coyotes zone.
7:01 of 1st period - Penalty to Drew Doughty is over, Drew Doughty is back on ice.
7:10 of 1st period - Wrist shot by Jason Zucker.
7:10 of 1st period - Stopped by Cam Talbot with a rebound.
7:28 of 1st period - Phillip Danault is hit by Barrett Hayton.
7:43 of 1st period - Matt Roy is hit by Matt Dumba and loses puck.
7:48 of 1st period - Snap shot by Arthur Kaliyev.
7:48 of 1st period - Shot Misses the Net.
7:50 of 1st period - Slapshot by Matt Roy.
7:50 of 1st period - Shot Blocked by Juuso Valimaki.
7:52 of 1st period - Slapshot by Kurtis MacDermid.
7:52 of 1st period - Stopped by Connor Ingram without a rebound.
7:53 of 1st period - Jack McBain wins face-off versus Anze Kopitar in Arizona Coyotes zone.
8:00 of 1st period - Snap shot by Lawson Crouse.
8:00 of 1st period - Shot Hit the Post.
8:05 of 1st period - Off-side.
8:06 of 1st period - Anze Kopitar wins face-off versus Matias Maccelli in neutral zone.
8:13 of 1st period - Wrist shot by Adrian Kempe.
8:13 of 1st period - Shot Blocked by Troy Stecher.
8:15 of 1st period - Backhand shot by Mikey Anderson.
8:15 of 1st period - Stopped by Connor Ingram with a rebound.
8:17 of 1st period - Wrist shot by Vladislav Gavrikov.
8:17 of 1st period - Stopped by Connor Ingram without a rebound.
8:18 of 1st period - Barrett Hayton wins face-off versus Anze Kopitar in Arizona Coyotes zone.
8:29 of 1st period - Snap shot by Clayton Keller.
8:29 of 1st period - Shot Blocked by Vladislav Gavrikov.
8:52 of 1st period - Slapshot by Jason Zucker.
8:52 of 1st period - Stopped by Cam Talbot without a rebound.
8:53 of 1st period - Nick Bjugstad wins face-off versus Viktor Arvidsson in Los Angeles Kings zone.
8:54 of 1st period - Slapshot by Jason Zucker.
8:54 of 1st period - Shot Blocked by Matt Roy.
9:02 of 1st period - Snap shot by Pierre-Luc Dubois.
9:02 of 1st period - Shot Misses the Net.
9:04 of 1st period - Snap shot by Viktor Arvidsson.
9:04 of 1st period - Stopped by Connor Ingram without a rebound.
9:05 of 1st period - Barrett Hayton wins face-off versus Kevin Fiala in Arizona Coyotes zone.
9:12 of 1st period - Snap shot by Clayton Keller.
9:12 of 1st period - Shot Blocked by Matt Roy.
9:22 of 1st period - Slapshot by Kevin Fiala.
9:22 of 1st period - Goal by Kevin Fiala - Arizona Coyotes : 0 - Los Angeles Kings : 1.
9:23 of 1st period - Nick Bjugstad wins face-off versus Anze Kopitar in neutral zone.
9:28 of 1st period - Wrist shot by Jason Zucker.
9:28 of 1st period - Shot Misses the Net.
9:30 of 1st period - Slapshot by Troy Stecher.
9:30 of 1st period - Shot Blocked by Kurtis MacDermid.
9:32 of 1st period - Backhand shot by Nick Bjugstad.
9:32 of 1st period - Stopped by Cam Talbot with a rebound.
9:34 of 1st period - Snap shot by Nick Bjugstad.
9:34 of 1st period - Stopped by Cam Talbot without a rebound.
9:35 of 1st period - Barrett Hayton wins face-off versus Anze Kopitar in Los Angeles Kings zone.
9:36 of 1st period - Wrist shot by Clayton Keller.
9:36 of 1st period - Shot Blocked by Drew Doughty.
9:42 of 1st period - J.J. Moser is hit by Adrian Kempe and loses puck.
10:58 of 1st period - Wrist shot by Matias Maccelli.
10:58 of 1st period - Stopped by Cam Talbot with a rebound.
12:08 of 1st period - Drew Doughty is hit by Juuso Valimaki and loses puck.
12:29 of 1st period - Slapshot by Drew Doughty.
12:29 of 1st period - Stopped by Connor Ingram with a rebound.
12:37 of 1st period - Matt Roy is hit by Barrett Hayton and loses puck.
12:50 of 1st period - Snap shot by Clayton Keller.
12:50 of 1st period - Stopped by Cam Talbot with a rebound.
12:52 of 1st period - Backhand shot by Clayton Keller.
12:52 of 1st period - Deflect By Barrett Hayton.
12:52 of 1st period - Stopped by Cam Talbot with a rebound.
13:04 of 1st period - Snap shot by Arthur Kaliyev.
13:04 of 1st period - Shot Misses the Net.
13:06 of 1st period - Snap shot by Blake Lizotte.
13:06 of 1st period - Shot Misses the Net.
13:08 of 1st period - Wrist shot by Blake Lizotte.
13:08 of 1st period - Stopped by Connor Ingram without a rebound.
13:09 of 1st period - Nick Bjugstad wins face-off versus Adrian Kempe in Arizona Coyotes zone.
13:32 of 1st period - Minor Penalty to Nick Bjugstad for Interference.
13:33 of 1st period - Anze Kopitar wins face-off versus Patric Hornqvist in Arizona Coyotes zone.
13:50 of 1st period - Snap shot by Nick Schmaltz.
13:50 of 1st period - Stopped by Cam Talbot with a rebound.
15:32 of 1st period - Penalty to Nick Bjugstad is over, Nick Bjugstad is back on ice.
15:41 of 1st period - Backhand shot by Jason Zucker.
15:41 of 1st period - Shot Blocked by Mikey Anderson.
16:01 of 1st period - Mikey Anderson is hit by Troy Stecher and loses puck.
16:20 of 1st period - Wade Allison is hit by Troy Stecher and loses puck.
19:08 of 1st period - Mikey Anderson is hit by Liam O'Brien and loses puck.
19:19 of 1st period - Vladislav Gavrikov is hit by Jason Zucker and loses puck.
19:32 of 1st period - Lawson Crouse is hit by Blake Lizotte and loses puck.
19:49 of 1st period - Wrist shot by Adrian Kempe.
19:49 of 1st period - Stopped by Connor Ingram without a rebound.
19:50 of 1st period - Anze Kopitar wins face-off versus Jason Zucker in Arizona Coyotes zone.
19:55 of 1st period - Slapshot by Kevin Fiala.
19:55 of 1st period - Stopped by Connor Ingram with a rebound.
Goals for this period are 0 for Arizona Coyotes vs 1 for Los Angeles Kings.
Shots for this period are 12 for Arizona Coyotes vs 10 for Los Angeles Kings.

2nd period


0:01 of 2nd period - Nick Bjugstad wins face-off versus Kevin Fiala in neutral zone.
0:06 of 2nd period - Snap shot by Jason Zucker.
0:06 of 2nd period - Stopped by Cam Talbot with a rebound.
0:12 of 2nd period - Jason Zucker is hit by Adrian Kempe and loses puck.
0:17 of 2nd period - Wrist shot by Anze Kopitar.
0:17 of 2nd period - Stopped by Connor Ingram without a rebound.
0:18 of 2nd period - Pierre-Luc Dubois wins face-off versus Barrett Hayton in Arizona Coyotes zone.
0:19 of 2nd period - Wrist shot by Viktor Arvidsson.
0:19 of 2nd period - Deflect By Phillip Danault.
0:19 of 2nd period - Shot Misses the Net.
0:19 of 2nd period - Puck is out of play.
0:20 of 2nd period - Pierre-Luc Dubois wins face-off versus Barrett Hayton in Arizona Coyotes zone.
1:06 of 2nd period - Matt Roy is hit by Sean Durzi and loses puck.
1:49 of 2nd period - Wrist shot by Trevor Moore.
1:49 of 2nd period - Shot Misses the Net.
2:01 of 2nd period - Slapshot by Sean Durzi.
2:01 of 2nd period - Shot Blocked by Drew Doughty.
2:03 of 2nd period - Snap shot by Barrett Hayton.
2:03 of 2nd period - Shot Misses the Net.
2:05 of 2nd period - Wrist shot by Clayton Keller.
2:05 of 2nd period - Shot Misses the Net.
2:10 of 2nd period - Minor Penalty to Quinton Byfield for Tripping.
2:11 of 2nd period - Anze Kopitar wins face-off versus Nick Bjugstad in Los Angeles Kings zone.
2:21 of 2nd period - Snap shot by Jason Zucker.
2:21 of 2nd period - Stopped by Cam Talbot without a rebound.
2:22 of 2nd period - Nick Bjugstad wins face-off versus Anze Kopitar in Los Angeles Kings zone.
2:25 of 2nd period - Snap shot by Juuso Valimaki.
2:25 of 2nd period - Stopped by Cam Talbot with a rebound.
2:27 of 2nd period - Snap shot by Nick Bjugstad.
2:27 of 2nd period - Stopped by Cam Talbot with a rebound.
3:39 of 2nd period - Jason Zucker is hit by Mikey Anderson and loses puck.
3:52 of 2nd period - Barrett Hayton is hit by Anze Kopitar and loses puck.
4:10 of 2nd period - Penalty to Quinton Byfield is over, Quinton Byfield is back on ice.
4:41 of 2nd period - Drew Doughty is hit by Matt Dumba and loses puck.
4:54 of 2nd period - Dylan Guenther is hit by Quinton Byfield and loses puck.
5:07 of 2nd period - Snap shot by Drew Doughty.
5:07 of 2nd period - Shot Misses the Net.
5:13 of 2nd period - Wrist shot by Arthur Kaliyev.
5:13 of 2nd period - Shot Misses the Net.
5:15 of 2nd period - Slapshot by Drew Doughty.
5:15 of 2nd period - Shot Misses the Net.
5:17 of 2nd period - Snap shot by Wade Allison.
5:17 of 2nd period - Stopped by Connor Ingram without a rebound.
5:18 of 2nd period - Nick Bjugstad wins face-off versus Blake Lizotte in Arizona Coyotes zone.
5:34 of 2nd period - Icing by Andreas Englund.
5:35 of 2nd period - Jack McBain wins face-off versus Trevor Lewis in Los Angeles Kings zone.
5:36 of 2nd period - Slapshot by Dylan Guenther.
5:36 of 2nd period - Shot Blocked by Andreas Englund.
5:46 of 2nd period - Slapshot by Trevor Moore.
5:46 of 2nd period - Goal by Trevor Moore - Arizona Coyotes : 0 - Los Angeles Kings : 2.
5:47 of 2nd period - Nick Bjugstad wins face-off versus Pierre-Luc Dubois in neutral zone.
5:52 of 2nd period - Snap shot by Jason Zucker.
5:52 of 2nd period - Stopped by Cam Talbot with a rebound.
5:54 of 2nd period - Wrist shot by Jason Zucker.
5:54 of 2nd period - Shot Blocked by Viktor Arvidsson.
5:56 of 2nd period - Wrist shot by Jason Zucker.
5:56 of 2nd period - Goal by Jason Zucker - Arizona Coyotes : 1 - Los Angeles Kings : 2.
5:57 of 2nd period - Adrian Kempe wins face-off versus Nick Bjugstad in neutral zone.
6:24 of 2nd period - Vladislav Gavrikov is hit by Barrett Hayton and loses puck.
6:29 of 2nd period - Snap shot by Clayton Keller.
6:29 of 2nd period - Shot Misses the Net.
7:10 of 2nd period - Wrist shot by Nick Bjugstad.
7:10 of 2nd period - Stopped by Cam Talbot with a rebound.
7:12 of 2nd period - Snap shot by Patric Hornqvist.
7:12 of 2nd period - Shot Blocked by Anze Kopitar.
7:14 of 2nd period - Slapshot by Matt Dumba.
7:14 of 2nd period - Stopped by Cam Talbot with a rebound.
7:16 of 2nd period - Slapshot by Juuso Valimaki.
7:16 of 2nd period - Stopped by Cam Talbot with a rebound.
7:36 of 2nd period - Slapshot by Drew Doughty.
7:36 of 2nd period - Shot Blocked by Josh Brown.
8:08 of 2nd period - Quinton Byfield is hit by Josh Brown and loses puck.
8:23 of 2nd period - Patric Hornqvist is hit by Anze Kopitar and loses puck.
8:44 of 2nd period - Slapshot by Adrian Kempe.
8:44 of 2nd period - Stopped by Connor Ingram with a rebound.
8:46 of 2nd period - Wrist shot by Wade Allison.
8:46 of 2nd period - Shot Misses the Net.
8:48 of 2nd period - Slapshot by Kurtis MacDermid.
8:48 of 2nd period - Stopped by Connor Ingram with a rebound.
8:54 of 2nd period - Minor Penalty to Troy Stecher for Hooking.
8:55 of 2nd period - Patric Hornqvist wins face-off versus Anze Kopitar in Arizona Coyotes zone.
9:01 of 2nd period - Icing by Matt Roy.
9:02 of 2nd period - Anze Kopitar wins face-off versus Patric Hornqvist in Los Angeles Kings zone.
9:41 of 2nd period - Snap shot by Travis Boyd.
9:41 of 2nd period - Stopped by Cam Talbot with a rebound.
9:49 of 2nd period - Josh Brown is hit by Adrian Kempe and loses puck.
9:56 of 2nd period - Snap shot by Kevin Fiala.
9:56 of 2nd period - Stopped by Connor Ingram with a rebound.
9:58 of 2nd period - Slapshot by Drew Doughty.
9:58 of 2nd period - Shot Misses the Net.
10:00 of 2nd period - Snap shot by Drew Doughty.
10:00 of 2nd period - Stopped by Connor Ingram with a rebound.
10:02 of 2nd period - Slapshot by Drew Doughty.
10:02 of 2nd period - Shot Misses the Net.
10:04 of 2nd period - Wrist shot by Adrian Kempe.
10:04 of 2nd period - Shot Misses the Net.
10:36 of 2nd period - Wrist shot by Adrian Kempe.
10:36 of 2nd period - Goal by Adrian Kempe - Arizona Coyotes : 1 - Los Angeles Kings : 3.
10:37 of 2nd period - Pierre-Luc Dubois wins face-off versus Nick Bjugstad in neutral zone.
10:42 of 2nd period - Snap shot by Viktor Arvidsson.
10:42 of 2nd period - Stopped by Connor Ingram without a rebound.
10:43 of 2nd period - Nick Bjugstad wins face-off versus Pierre-Luc Dubois in Arizona Coyotes zone.
10:43 of 2nd period - Nick Bjugstad is hit by Mikey Anderson.
10:55 of 2nd period - Snap shot by Pierre-Luc Dubois.
10:55 of 2nd period - Stopped by Connor Ingram with a rebound.
11:54 of 2nd period - Snap shot by Pierre-Luc Dubois.
11:54 of 2nd period - Shot Blocked by Juuso Valimaki.
12:15 of 2nd period - Minor Penalty to Adrian Kempe for Tripping.
12:16 of 2nd period - Anze Kopitar wins face-off versus Matias Maccelli in Los Angeles Kings zone.
14:15 of 2nd period - Penalty to Adrian Kempe is over, Adrian Kempe is back on ice.
14:32 of 2nd period - Quinton Byfield is hit by Josh Brown and loses puck.
14:58 of 2nd period - Matt Dumba is hit by Phillip Danault and loses puck.
15:13 of 2nd period - Troy Stecher is hit by Adrian Kempe and loses puck.
15:31 of 2nd period - Slapshot by Drew Doughty.
15:31 of 2nd period - Stopped by Connor Ingram without a rebound.
15:32 of 2nd period - Trevor Lewis wins face-off versus Nick Bjugstad in Arizona Coyotes zone.
15:53 of 2nd period - Icing by Trevor Moore.
15:54 of 2nd period - Barrett Hayton wins face-off versus Trevor Lewis in Los Angeles Kings zone.
16:09 of 2nd period - Slapshot by Quinton Byfield.
16:09 of 2nd period - Shot Misses the Net.
16:11 of 2nd period - Slapshot by Kurtis MacDermid.
16:11 of 2nd period - Shot Misses the Net.
16:13 of 2nd period - Slapshot by Kurtis MacDermid.
16:13 of 2nd period - Deflect By Quinton Byfield.
16:13 of 2nd period - Stopped by Connor Ingram without a rebound.
16:14 of 2nd period - Nick Bjugstad wins face-off versus Anze Kopitar in Arizona Coyotes zone.
16:25 of 2nd period - Snap shot by Jason Zucker.
16:25 of 2nd period - Deflect By Nick Bjugstad.
16:25 of 2nd period - Shot Blocked by Adrian Kempe.
16:25 of 2nd period - Puck is out of play.
16:26 of 2nd period - Anze Kopitar wins face-off versus Clayton Keller in Los Angeles Kings zone.
16:26 of 2nd period - Anze Kopitar is hit by J.J. Moser.
17:03 of 2nd period - Wrist shot by Kevin Fiala.
17:03 of 2nd period - Stopped by Connor Ingram with a rebound.
17:05 of 2nd period - Snap shot by Kevin Fiala.
17:05 of 2nd period - Shot Hit the Post.
17:07 of 2nd period - Wrist shot by Anze Kopitar.
17:07 of 2nd period - Shot Misses the Net.
17:09 of 2nd period - Snap shot by Anze Kopitar.
17:09 of 2nd period - Stopped by Connor Ingram with a rebound.
17:11 of 2nd period - Snap shot by Mikey Anderson.
17:11 of 2nd period - Shot Blocked by Jack McBain.
17:17 of 2nd period - Snap shot by Kevin Fiala.
17:17 of 2nd period - Stopped by Connor Ingram with a rebound.
17:19 of 2nd period - Slapshot by Anze Kopitar.
17:19 of 2nd period - Shot Blocked by Troy Stecher.
17:21 of 2nd period - Slapshot by Anze Kopitar.
17:21 of 2nd period - Stopped by Connor Ingram without a rebound.
17:22 of 2nd period - Pierre-Luc Dubois wins face-off versus Barrett Hayton in Arizona Coyotes zone.
17:25 of 2nd period - Wrist shot by Pierre-Luc Dubois.
17:25 of 2nd period - Stopped by Connor Ingram with a rebound.
17:27 of 2nd period - Wrist shot by Matt Roy.
17:27 of 2nd period - Stopped by Connor Ingram with a rebound.
17:29 of 2nd period - Slapshot by Matt Roy.
17:29 of 2nd period - Shot Blocked by J.J. Moser.
17:35 of 2nd period - Snap shot by Viktor Arvidsson.
17:35 of 2nd period - Stopped by Connor Ingram with a rebound.
17:37 of 2nd period - Slapshot by Pierre-Luc Dubois.
17:37 of 2nd period - Shot Misses the Net.
17:39 of 2nd period - Wrist shot by Viktor Arvidsson.
17:39 of 2nd period - Deflect By Clayton Keller.
17:39 of 2nd period - Stopped by Connor Ingram with a rebound.
18:49 of 2nd period - Sean Durzi is hit by Adrian Kempe and loses puck.
19:34 of 2nd period - Icing by Juuso Valimaki.
19:35 of 2nd period - Barrett Hayton wins face-off versus Arthur Kaliyev in Arizona Coyotes zone.
19:35 of 2nd period - Barrett Hayton is hit by Vladislav Gavrikov.
Goals for this period are 1 for Arizona Coyotes vs 2 for Los Angeles Kings.
Shots for this period are 10 for Arizona Coyotes vs 20 for Los Angeles Kings.

3rd period


0:01 of 3rd period - Barrett Hayton wins face-off versus Anze Kopitar in neutral zone.
0:17 of 3rd period - Minor Penalty to Clayton Keller for Holding.
0:18 of 3rd period - Anze Kopitar wins face-off versus Patric Hornqvist in Arizona Coyotes zone.
0:26 of 3rd period - Wrist shot by Kevin Fiala.
0:26 of 3rd period - Shot Blocked by J.J. Moser.
0:28 of 3rd period - Snap shot by Kevin Fiala.
0:28 of 3rd period - Stopped by Connor Ingram with a rebound.
0:56 of 3rd period - Slapshot by Barrett Hayton.
0:56 of 3rd period - Stopped by Cam Talbot without a rebound.
0:57 of 3rd period - Barrett Hayton wins face-off versus Adrian Kempe in Los Angeles Kings zone.
1:21 of 3rd period - Snap shot by Nick Schmaltz.
1:21 of 3rd period - Stopped by Cam Talbot with a rebound.
1:23 of 3rd period - Slapshot by Josh Brown.
1:23 of 3rd period - Stopped by Cam Talbot with a rebound.
1:25 of 3rd period - Snap shot by Josh Brown.
1:25 of 3rd period - Shot Blocked by Mikey Anderson.
2:17 of 3rd period - Penalty to Clayton Keller is over, Clayton Keller is back on ice.
2:19 of 3rd period - Icing by Phillip Danault.
2:20 of 3rd period - Pierre-Luc Dubois wins face-off versus Matias Maccelli in Los Angeles Kings zone.
2:35 of 3rd period - Andreas Englund is hit by Nick Bjugstad and loses puck.
2:51 of 3rd period - Kurtis MacDermid is hit by Nick Bjugstad.
3:42 of 3rd period - Adrian Kempe is hit by J.J. Moser and loses puck.
4:32 of 3rd period - Slapshot by Sean Durzi.
4:32 of 3rd period - Shot Misses the Net.
4:34 of 3rd period - Wrist shot by Travis Boyd.
4:34 of 3rd period - Stopped by Cam Talbot with a rebound.
4:36 of 3rd period - Snap shot by Travis Boyd.
4:36 of 3rd period - Shot Blocked by Vladislav Gavrikov.
4:53 of 3rd period - Slapshot by Jack McBain.
4:53 of 3rd period - Stopped by Cam Talbot with a rebound.
5:25 of 3rd period - Quinton Byfield is hit by Sean Durzi and loses puck.
5:38 of 3rd period - Vladislav Gavrikov is hit by Jack McBain and loses puck.
7:11 of 3rd period - Wrist shot by Dylan Guenther.
7:11 of 3rd period - Shot Misses the Net.
7:13 of 3rd period - Wrist shot by Josh Brown.
7:13 of 3rd period - Shot Blocked by Kurtis MacDermid.
7:44 of 3rd period - Kurtis MacDermid is hit by Jack McBain.
7:45 of 3rd period - Icing by Kurtis MacDermid.
7:46 of 3rd period - Jack McBain wins face-off versus Pierre-Luc Dubois in Los Angeles Kings zone.
7:59 of 3rd period - Wrist shot by Pierre-Luc Dubois.
7:59 of 3rd period - Stopped by Connor Ingram with a rebound.
8:01 of 3rd period - Slapshot by Pierre-Luc Dubois.
8:01 of 3rd period - Stopped by Connor Ingram without a rebound.
8:02 of 3rd period - Anze Kopitar wins face-off versus Barrett Hayton in Arizona Coyotes zone.
8:13 of 3rd period - Snap shot by Clayton Keller.
8:13 of 3rd period - Deflect By Barrett Hayton.
8:13 of 3rd period - Stopped by Cam Talbot without a rebound.
8:14 of 3rd period - Barrett Hayton wins face-off versus Anze Kopitar in Los Angeles Kings zone.
8:34 of 3rd period - Minor Penalty to Matt Roy for Roughing.
8:35 of 3rd period - Anze Kopitar wins face-off versus Matias Maccelli in Los Angeles Kings zone.
8:43 of 3rd period - Snap shot by Matias Maccelli.
8:43 of 3rd period - Stopped by Cam Talbot with a rebound.
8:45 of 3rd period - Snap shot by Juuso Valimaki.
8:45 of 3rd period - Shot Misses the Net.
8:49 of 3rd period - Slapshot by Matias Maccelli.
8:49 of 3rd period - Stopped by Cam Talbot without a rebound.
8:50 of 3rd period - Anze Kopitar wins face-off versus Matias Maccelli in Los Angeles Kings zone.
9:05 of 3rd period - Snap shot by Kevin Fiala.
9:05 of 3rd period - Shot Misses the Net.
9:07 of 3rd period - Wrist shot by Kevin Fiala.
9:07 of 3rd period - Shot Misses the Net.
9:26 of 3rd period - Snap shot by Phillip Danault.
9:26 of 3rd period - Stopped by Connor Ingram with a rebound.
10:34 of 3rd period - Penalty to Matt Roy is over, Matt Roy is back on ice.
10:53 of 3rd period - Snap shot by Travis Boyd.
10:53 of 3rd period - Shot Misses the Net.
11:03 of 3rd period - Phillip Danault is hit by Matias Maccelli.
11:24 of 3rd period - Icing by Viktor Arvidsson.
11:25 of 3rd period - Barrett Hayton wins face-off versus Viktor Arvidsson in Los Angeles Kings zone.
11:30 of 3rd period - Snap shot by Jason Zucker.
11:30 of 3rd period - Shot Blocked by Andreas Englund.
11:32 of 3rd period - Snap shot by Jason Zucker.
11:32 of 3rd period - Shot Misses the Net.
11:34 of 3rd period - Wrist shot by Nick Bjugstad.
11:34 of 3rd period - Shot Misses the Net.
11:36 of 3rd period - Slapshot by J.J. Moser.
11:36 of 3rd period - Shot Blocked by Mikey Anderson.
12:12 of 3rd period - Snap shot by J.J. Moser.
12:12 of 3rd period - Shot Blocked by Kurtis MacDermid.
13:09 of 3rd period - Off-side.
13:10 of 3rd period - Anze Kopitar wins face-off versus Jack McBain in neutral zone.
13:41 of 3rd period - Slapshot by Juuso Valimaki.
13:41 of 3rd period - Stopped by Cam Talbot without a rebound.
13:42 of 3rd period - Barrett Hayton wins face-off versus Anze Kopitar in Los Angeles Kings zone.
13:47 of 3rd period - Slapshot by Clayton Keller.
13:47 of 3rd period - Stopped by Cam Talbot with a rebound.
13:49 of 3rd period - Wrist shot by Clayton Keller.
13:49 of 3rd period - Goal by Clayton Keller - Arizona Coyotes : 2 - Los Angeles Kings : 3.
13:50 of 3rd period - Anze Kopitar wins face-off versus Barrett Hayton in neutral zone.
14:45 of 3rd period - Wrist shot by Trevor Moore.
14:45 of 3rd period - Goal by Trevor Moore - Arizona Coyotes : 2 - Los Angeles Kings : 4.
14:46 of 3rd period - Anze Kopitar wins face-off versus Barrett Hayton in neutral zone.
14:50 of 3rd period - Off-side.
14:51 of 3rd period - Barrett Hayton wins face-off versus Anze Kopitar in neutral zone.
14:54 of 3rd period - Snap shot by Matias Maccelli.
14:54 of 3rd period - Stopped by Cam Talbot with a rebound.
15:24 of 3rd period - Snap shot by Clayton Keller.
15:24 of 3rd period - Deflect By Matias Maccelli.
15:24 of 3rd period - Stopped by Cam Talbot with a rebound.
15:33 of 3rd period - Wrist shot by Clayton Keller.
15:33 of 3rd period - Shot Blocked by Drew Doughty.
15:38 of 3rd period - Minor Penalty to Pierre-Luc Dubois for Hooking.
15:39 of 3rd period - Anze Kopitar wins face-off versus Matias Maccelli in Los Angeles Kings zone.
16:33 of 3rd period - Snap shot by Phillip Danault.
16:33 of 3rd period - Shot Misses the Net.
16:35 of 3rd period - Slapshot by Drew Doughty.
16:35 of 3rd period - Stopped by Connor Ingram without a rebound.
16:36 of 3rd period - Anze Kopitar wins face-off versus Barrett Hayton in Arizona Coyotes zone.
17:13 of 3rd period - Patric Hornqvist is hit by Phillip Danault and loses puck.
17:35 of 3rd period - Icing by Patric Hornqvist.
17:36 of 3rd period - Nick Bjugstad wins face-off versus Anze Kopitar in Arizona Coyotes zone.
17:38 of 3rd period - Penalty to Pierre-Luc Dubois is over, Pierre-Luc Dubois is back on ice.
17:57 of 3rd period - Snap shot by Pierre-Luc Dubois.
17:57 of 3rd period - Stopped by Connor Ingram with a rebound.
18:29 of 3rd period - Trevor Lewis is hit by Sean Durzi and loses puck.
19:30 of 3rd period - Wrist shot by Dylan Guenther.
19:30 of 3rd period - Shot Misses the Net.
Goals for this period are 1 for Arizona Coyotes vs 1 for Los Angeles Kings.
Shots for this period are 13 for Arizona Coyotes vs 7 for Los Angeles Kings.